 Dungeon Crawl Stone Soup version 0.30.1-3-gfc49f6343a (webtiles) character file.

Game seed: 5722452896338356713

1232 jtron the Magician (level 8, -8/54 HPs)
             Began as a Mummy Necromancer on Aug 7, 2023.
             Was an Initiate of Kikubaaqudgha.
             Mangled by a wight
             ... wielding a +5 halberd
              (10 damage)
             ... on level 7 of the Dungeon.
             The game lasted 00:21:56 (7032 turns).

jtron the Magician (Mummy Necromancer)              Turns: 7032, Time: 00:21:57

Health: -8/54      AC:  7    Str: 11    XL:     8   Next: 24%
Magic:  19/19      EV: 12    Int: 19    God:    Kikubaaqudgha [......]
Gold:   64         SH:  0    Dex: 13    Spells: 14/22 levels left

rFire   x . .        b - +3 hand axe (freeze)
rCold   + . .        (no shield)
rNeg    + + +        g - +2 robe
rPois   ∞            (no helmet)
rElec   .            f - scarf "Baolesi" {shadows, Int+3}
rCorr   .            c - +2 pair of gloves
SInv    .            (no boots)
Will    +....        (no amulet)
Stlth   ++           (no ring)
HPRegen 0.29/turn    (no ring)
MPRegen 0.16/turn

%: faith
@: no status effects
A: cold resistance 1, negative energy resistance 3, torment resistance 2, heat
vulnerability 1, in touch with death 1, no potions, faith
a: Renounce Religion


You were on level 7 of the Dungeon.
You worshipped Kikubaaqudgha.
Kikubaaqudgha was noncommittal.
You visited 2 branches of the dungeon, and saw 8 of its levels.

You collected 254 gold pieces.
You spent 190 gold pieces at shops.

Inventory:

Hand Weapons
 b - a +3 hand axe of freezing (weapon)
 p - a +3 short sword
 q - a +0 spear
Missiles
 d - 6 poisoned darts
 j - 22 stones (quivered)
 m - 2 boomerangs
Armour
 c - a +2 pair of gloves (worn)
 f - the scarf "Baolesi" (worn) {shadows, Int+3}
   (You bought it in a shop on level 5 of the Dungeon)

   Int:       It affects your intelligence (+3).
 g - a +2 robe (worn)
Magical Staves
 a - a staff of death
Jewellery
 e - a ring of flight
 n - a +6 ring of intelligence
Wands
 h - a wand of polymorph (5)
Scrolls
 i - a scroll of amnesia
 k - 3 scrolls of fear
 l - a scroll of vulnerability
 o - a scroll of identify


   Skills:
 - Level 1.0 Fighting
 - Level 0.2 Short Blades
 * Level 0.7(0.9) Axes
 + Level 0.3(2.0) Polearms
 + Level 3.0 Staves
 + Level 2.1 Throwing
 + Level 2.3 Dodging
 + Level 1.9 Stealth
 + Level 7.5 Spellcasting
 + Level 6.7 Necromancy


You had 14 spell levels left.
You knew the following spells:

 Your Spells              Type           Power      Damage    Failure   Level
a - Necrotise             Necr           100%       1d9       1%          1
b - Vampiric Draining     Necr           48%        2d9       1%          3
c - Animate Dead          Necr           48%        N/A       6%          4

Your spell library contained the following spells:

 Spells                   Type           Power      Damage    Failure   Level
 Cigotuvi's Dreadful Rot  Necr/Pois/Air  46%        N/A       6%          2
 Magic Dart               Conj           28%        1d4       10%         1
 Call Imp                 Summ           14%        N/A       14%         2
 Agony                    Necr           48%        N/A       17%         5
 Dazzling Flash           Conj/Hex       14%        N/A       28%         3
 Ignite Poison            Fire/Tmut/Pois 7%         N/A       28%         3
 Inner Flame              Hex/Fire       7%         N/A       28%         3
 Mephitic Cloud           Conj/Pois/Air  7%         N/A       28%         3
 Volatile Blastmotes      Fire/Tloc      14%        2d11      28%         3
 Iskenderun's Mystic Bla  Conj/Tloc      7%         2d4       67%         4
 Freezing Cloud           Conj/Ice/Air   3%         6-21      95%         5
 Yara's Violent Unravell  Hex/Tmut       3%         3d4       95%         5
 Starburst                Conj/Fire      3%         6d3       100%        6
 Enfeeble                 Hex            3%         N/A       100%        7


Dungeon Overview and Level Annotations

Branches:
Dungeon (7/15)             Temple (1/1) D:6

Altars:
Ashenzari
Cheibriados
Gozag
Kikubaaqudgha
Qazlal
Ru
Sif Muna
Trog
Wu Jian
Xom

Shops:
D:2 (   D:5 [

Annotations:
D:1 1 transporter


Innate Abilities, Weirdness & Mutations

You are immune to poison.
Your flesh is cold resistant. (rC+)
You are immune to negative energy. (rN+++)
You are immune to unholy pain and torment.
You are vulnerable to heat. (rF-)
You are in touch with the powers of death.
You do not drink.
You have a special connection with the divine. (Faith)


Message History

The wight hits you with a +0 spear! The wight barely misses you.
You barely miss the wight.
The wight is lightly damaged.
The wight misses you.
You hit the wight but do no damage.
The wight is lightly damaged.
The wight hits you with a +0 spear.
You hit the wight.
The wight is moderately damaged.
The wight hits you with a +0 spear!
You hit the wight but do no damage.
The wight is moderately damaged.
The wight hits you with a +0 spear.
You barely miss the wight.
The wight is moderately damaged.
The wight completely misses you. The wight hits you with a +0 spear.
The wight attacks as you move away! The wight barely misses you.
The wight hits you from afar with a +0 spear.
The wight completely misses you.
You hit the wight.
The wight is heavily damaged.
The wight hits you with a +0 spear.
* * * LOW HITPOINT WARNING * * *
You hit the wight but do no damage.
The wight is heavily damaged.
A wight comes into view. It is wielding a +5 halberd.
The wight misses you.
You hit the wight.
The wight is severely damaged.
The wight hits you with a +0 spear!
* * * LOW HITPOINT WARNING * * *
You barely miss the wight.
The wight is severely damaged.
The wight hits you with a +0 spear.
* * * LOW HITPOINT WARNING * * *
The wight barely misses you.
The wight hits you from afar with a +5 halberd!
You die...
Kikubaaqudgha rasps: "You have failed me!
Welcome... oblivion!"

### #####
#...##...######
......<........
.......z@..### ##
...........# .##
..........z#####..#
...............#..#
#...#....#####....#
#####.##.# ##...#
#. #.. #...# #. ###
##.z... ......


You could see 2 wights.

Vanquished Creatures
  Duvessa (D:5)
  2 black bears
  An ogre (D:4)
  2 phantoms (D:6)
  2 scorpions
  2 wights (D:6)
  Dowan (D:5)
  3 hounds
  A jelly (D:6)
  An orc priest (D:6)
  An iguana (D:4)
  2 orc wizards
  3 gnolls (D:4)
  6 adders
  A white imp (D:6)
  4 worms
  3 dart slugs
  7 orcs
  6 endoplasms
  4 giant cockroaches
  11 goblins
  6 hobgoblins
  5 jackals (D:3)
  3 kobolds
  4 quokkas
  5 ball pythons
  7 bats
  10 frilled lizards
  5 rats (D:1)
109 creatures vanquished.

Vanquished Creatures (collateral kills)
  An adder (D:3)
  2 orcs
  A ball python (D:1)
  A hobgoblin (D:1)
  A quokka (D:1)
  2 frilled lizards (D:3)
8 creatures vanquished.

Vanquished Creatures (others)
  An elf zombie (D:5)
1 creature vanquished.

Grand Total: 118 creatures vanquished

Notes
Turn   | Place    | Note
-------+----------+-------------------------------------------
     0 | D:1      | jtron the Mummy Necromancer began the quest for the Orb.
     0 | D:1      | Reached XP level 1. HP: 13/13 MP: 4/4
   288 | D:1      | Reached skill level 3 in Spellcasting
   292 | D:1      | Reached XP level 2. HP: 19/19 MP: 1/6
   859 | D:2      | Gained mutation: You are in touch with the powers of death.
                  | [Mummy growth]
   859 | D:2      | Reached XP level 3. HP: 23/24 MP: 0/8
   863 | D:2      | Learned a level 3 spell: Vampiric Draining
  1247 | D:2      | Found Hoje's Antique Weapon Boutique.
  1475 | D:2      | Reached XP level 4. HP: 30/30 MP: 3/9
  1582 | D:2      | Reached skill level 1 in Staves
  1976 | D:3      | Reached skill level 4 in Spellcasting
  1981 | D:3      | Learned a level 4 spell: Animate Dead
  2180 | D:3      | Reached skill level 5 in Necromancy
  2465 | D:3      | Found a shimmering blue altar of Sif Muna.
  2681 | D:4      | Noticed an ogre
  2696 | D:4      | Killed an ogre
  2697 | D:4      | Reached XP level 5. HP: 35/35 MP: 3/12
  2792 | D:4      | Reached skill level 5 in Spellcasting
  2949 | D:4      | Reached XP level 6. HP: 19/41 MP: 4/13
  3053 | D:4      | Found a sacrificial altar of Ru.
  3336 | D:4      | Reached skill level 6 in Spellcasting
  3902 | D:5      | Entered Level 5 of the Dungeon
  4052 | D:5      | Noticed Dowan
  4248 | D:5      | Reached XP level 7. HP: 46/47 MP: 12/16
  4305 | D:5      | Reached skill level 1 in Throwing
  4364 | D:5      | Noticed Duvessa
  4378 | D:5      | Killed Duvessa
  4414 | D:5      | Your ally Duvessa died
  4628 | D:5      | Killed Dowan
  4703 | D:5      | Identified the +1 chain mail "Tetih" {Str+3 Int+3 SInv}
  4888 | D:5      | Found Hiriakop's Antique Armour Boutique.
  4894 | D:5      | Bought a transparent scarf for 190 gold pieces
  4894 | D:5      | Identified the scarf "Baolesi" {shadows, Int+3} (You bought
                  | it in a shop on level 5 of the Dungeon)
  5160 | D:6      | HP: 2/47 [phantom (3)]
  5167 | D:6      | Reached skill level 1 in Fighting
  5167 | D:6      | Reached skill level 7 in Spellcasting
  5888 | D:6      | Reached XP level 8. HP: 44/54 MP: 6/18
  6101 | D:6      | Found a bloodstained altar of Trog.
  6370 | D:6      | Found a staircase to the Ecumenical Temple.
  6383 | Temple   | Entered the Ecumenical Temple
  6472 | Temple   | Became a worshipper of Kikubaaqudgha
  6546 | D:6      | Identified the +2 trident "Zeuciej" {holy, Int+3}
  7032 | D:7      | HP: 2/54 [wight/+0 spear (6)]
  7032 | D:7      | Mangled by a wight

Illustrated notes

Levels and vault maps discovered:
D:1:      spicycebolla_arrival_risky_transporter, layout_rooms
D:2:      layout_loops_ring, serial_shops, shop
D:3:      layout_loops_cross, led_sif_pool, minmay_lizard_king
D:4:      layout_loops_ring, mainiacjoe_overflow_brackets,
          minmay_misc_feat_nine_boxes, kennysheep_small_circle
D:5:      layout_gridville, serial_shops, shop,
          hangedman_abyss_or_decor_stagger, uniq_duvessa
D:6:      kennysheep_windowed_halls, layout_basic, mainiacjoe_overflow_chevrons,
          minmay_temple_entry_proselytizer, minmay_misc_feat_iff,
          minmay_misc_feat_rows, hangedman_decor_push
D:7:      layout_rooms, st_stairs_14
Temple:   bh_familiar_temple

Skill      XL: |  1  2  3  4  5  6  7 |
---------------+----------------------+-----
Spellcasting   | 3 4 5 6 7 |  7.5
Staves         | 1 2 3 |  3.0
Necromancy     | 5 6 |  6.7
Dodging        | 2 |  2.3
Throwing       | 2 |  2.1
Fighting       | 1 |  1.0
Short Blades   | |  0.2
Axes           | |  0.7
Polearms       | |  0.3
Stealth        | |  1.9

Action                     |  1- 3 |  4- 6 |  7- 9 || total
---------------------------+-------+-------+-------++-------
  Melee: Unarmed           |    12 |       |       ||    12
         Staff             |     8 |       |     8 ||    16
         Spear             |       |       |    15 ||    15
         Hand axe          |       |       |    32 ||    32
         Short sword       |       |       |    15 ||    15
         Punch             |       |       |     2 ||     2
  Throw: Dart              |       |    20 |    11 ||    31
         Boomerang         |       |       |    34 ||    34
         Stone             |       |       |     1 ||     1
   Cast: Necrotise         |    86 |   102 |    37 ||   225
         Vampiric Draining |       |     5 |     7 ||    12
         Animate Dead      |       |       |     1 ||     1
    Use: Scroll            |       |     6 |     8 ||    14
 Armour: Robe              |    31 |     9 |    38 ||    78
  Dodge: Dodged            |    69 |    21 |    67 ||   157
